 Dungeon Crawl Stone Soup version 0.31.0-32-g396128a36d (webtiles) character file.

Game seed: 6737933848124688149

54886 PaiMei the Black Sun (level 14, -6/113 HPs)
             Began as a Demonspawn Necromancer on Apr 12, 2024.
             Was a High Priest of Kikubaaqudgha.
             Mangled by a death yak (20 damage)
             ... on level 5 of the Lair of Beasts.
             The game lasted 00:48:10 (36894 turns).

PaiMei the Black Sun (Demonspawn Necromancer)      Turns: 36894, Time: 00:48:11

Health: -6/113     AC: 15    Str:  8    XL:     14   Next: 36%
Magic:  26/30      EV: 15    Int: 20    God:    Kikubaaqudgha [*****.]
Gold:   879        SH:  6    Dex: 15    Spells: 9/37 levels left

rFire   + . .        V - +2 war axe (freeze)
rCold   . . .        m - +0 buckler
rNeg    . . .        G - +3 leather armour {rF+}
rPois   .            R - +2 helmet
rElec   .            g - scarf {repulsion}
rCorr   .            (no gloves)
SInv    .            (boots unavailable)
Will    +....        B - amulet of the acrobat
Stlth   ++           O - +4 ring of protection
HPRegen 0.38/turn    H - ring of wizardry
MPRegen 0.22/turn

%: repel missiles, acrobat, wizardry (x1)
@: no status effects
A: hooves 3, demonic guardian 3, spiny 2, sharp scales 2
a: Renounce Religion, Unearth Wretches, Torment


You were on level 5 of the Lair of Beasts.
You worshipped Kikubaaqudgha.
Kikubaaqudgha was extremely pleased with you.
You visited 3 branches of the dungeon, and saw 17 of its levels.
You also visited: Bailey.

You collected 1419 gold pieces.
You spent 540 gold pieces at shops.

Inventory:

Hand Weapons
 A - a +2 morningstar of venom
 S - a +1 flail of protection
 V - a +2 war axe of freezing (weapon)
Missiles
 c - 18 poisoned darts (quivered)
 i - 7 throwing nets
Armour
 g - a scarf of repulsion (worn)
 m - a +0 buckler (worn)
 G - a +3 leather armour of fire resistance (worn)
 R - a +2 helmet (worn)
Jewellery
 l - a ring of positive energy
 q - a ring of fire
 B - an amulet of the acrobat (around neck)
 D - a ring of willpower
 H - a ring of wizardry (right hand)
 O - a +4 ring of protection (left hand)
 W - a ring of resist corrosion
 Y - a ring of poison resistance
Wands
 f - a wand of polymorph (20)
 s - a wand of charming (8)
 E - a wand of flame (65)
 N - a wand of roots (4)
 Q - a wand of mindburst (12)
Scrolls
 d - 2 scrolls of immolation
 e - 3 scrolls of teleportation
 j - 2 scrolls of blinking {unknown}
 k - 2 scrolls of poison {unknown}
 n - a scroll of fog {unknown}
 o - 2 scrolls of brand weapon {unknown}
 p - 3 scrolls of acquirement
 t - a scroll of amnesia {unknown}
 u - 2 scrolls of enchant weapon {unknown}
 x - 2 scrolls of vulnerability {unknown}
 y - 2 scrolls of summoning {unknown}
 K - 4 scrolls of enchant armour {unknown}
 P - 3 scrolls of fear {unknown}
 U - 2 scrolls of revelation {unknown}
Potions
 a - a potion of degeneration {unknown}
 b - 2 potions of magic
 h - 10 potions of curing
 r - 3 potions of lignification
 v - a potion of might {unknown}
 w - 2 potions of ambrosia {unknown}
 z - 6 potions of brilliance
 C - 2 potions of enlightenment {unknown}
 F - 3 potions of haste
 I - 2 potions of invisibility {unknown}
 J - 4 potions of heal wounds
 X - a potion of mutation {unknown}
Miscellaneous
 L - a phantom mirror
 M - a condenser vane


   Skills:
 - Level 11.0 Fighting
 + Level 6.2 Axes
 - Level 10.3 Dodging
 - Level 2.0 Stealth
 + Level 6.1 Shields
 + Level 12.1 Spellcasting
 + Level 14.6 Necromancy


You had 9 spell levels left.
You knew the following spells:

 Your Spells              Type           Power      Damage    Failure   Level
a - Necrotise             Necr           100%       1d9       1%          1
b - Vampiric Draining     Necr           63%        2d10      1%          3
c - Animate Dead          Necr           63%        N/A       1%          4
d - Curse of Agony        Necr           63%        N/A       1%          5
e - Borgnjor's Vile Clut  Necr/Erth      20%        N/A       6%          5
f - Anguish               Hex/Necr       20%        N/A       2%          4
g - Martyr's Knell        Necr/Summ      41%        N/A       2%          4
h - Sublimation of Blood  Necr           63%        N/A       1%          2

Your spell library contained the following spells:

 Spells                   Type           Power      Damage    Failure   Level
 Cigotuvi's Dreadful Rot  Necr/Alch/Air  62%        N/A       1%          2
 Death Channel            Necr           31%        N/A       1%          6
 Slow                     Hex            48%        N/A       4%          1
 Blink                    Tloc           24%        N/A       8%          2
 Lesser Beckoning         Tloc           24%        N/A       8%          2
 Momentum Strike          Conj/Tloc      24%        3d8       8%          2
 Call Canine Familiar     Summ           12%        N/A       14%         3
 Confusing Touch          Hex            12%        N/A       14%         3
 Gell's Gravitas          Tloc           12%        N/A       14%         3
 Sigil of Binding         Hex            12%        N/A       14%         3
 Summon Ice Beast         Ice/Summ       12%        N/A       14%         3
 Teleport Other           Tloc           12%        N/A       14%         3
 Animate Armour           Summ/Erth      24%        N/A       41%         4
 Ignite Poison            Fire/Alch      12%        N/A       41%         4
 Sticky Flame             Fire/Alch      12%        2d5       41%         4
 Summon Forest            Summ/Tloc      6%         N/A       75%         5
 Dispersal                Tloc           6%         N/A       99%         6
 Eringya's Noxious Bog    Alch           6%         4d6       99%         6
 Summon Hydra             Summ           6%         N/A       100%        7
 Ignition                 Fire           6%         3d4       100%        8


Dungeon Overview and Level Annotations

Branches:
Dungeon (11/15)            Temple (1/1) D:6            Lair (5/5) D:9
  Swamp (0/4) Lair:2        Snake (0/4) Lair:2          Orc (0/2) D:11
 Bailey (visited)
  Slime: Lair:4-5

Altars:
Ashenzari
Cheibriados
Dithmenos
Fedhas
Gozag
Hepliaklqana
Kikubaaqudgha
Makhleb
Nemelex Xobeh
Okawaru
Qazlal
Ru
Sif Muna
Trog
Uskayaw
Vehumet
Wu Jian
Xom
Yredelemnul

Shops:
D:10 (:!

Annotations:
D:6 1 runed translucent door, monsoonserge's ghost, novice OpSh
D:10 exclusion: oklob sapling
Lair:4 Rupert


Innate Abilities, Weirdness & Mutations

You have hooves in place of feet.
A powerful demonic guardian rushes to your aid.
You are mostly covered in sharp spines.
You are mostly covered in razor-sharp scales. (AC +2, Slay +2)


Message History

You freeze the death yak. The death yak closely misses you.
The death yak is struck by your spines. The death yak gores you!!
The death yak gores you.
Your smoke demon hits the death yak but does no damage.
Your smoke demon hits the death yak.
Your smoke demon barely misses the death yak.
You strike the helpless death yak from behind!
You hit the death yak. You freeze the death yak.
Your kick misses the death yak.
The death yak is almost dead.
You hit the death yak but do no damage. You barely miss the death yak.
The death yak is struck by your spines. The death yak misses you.
The death yak is struck by your spines. The death yak misses you.
The death yak is struck by your spines.
You kill the death yak!
Kikubaaqudgha accepts your kill.
You hit the death yak but do no damage.
The death yak is severely wounded.
You hit the death yak. You freeze the death yak.
The death yak is struck by your spines. The death yak gores you! x2
* * * LOW HITPOINT WARNING * * *
Your smoke demon hits the death yak but does no damage.
Your smoke demon hits the death yak.
Your smoke demon hits the death yak but does no damage.
You block the death yak's attack. The death yak gores you!!
* * * LOW HITPOINT WARNING * * *
Your smoke demon closely misses the death yak.
Your smoke demon barely misses the death yak. x2
You swap places.
The death yak barely misses your smoke demon.
The death yak is struck by your spines.
The death yak gores you but does no damage.
Your smoke demon completely misses the death yak.
Your smoke demon hits the death yak but does no damage. x2
You see here a death yak corpse.
You hit the death yak. You freeze the death yak. You kick the death yak!
The death yak is almost dead.
The death yak gores you!!
You die...
Kikubaaqudgha rasps: "You have failed me!
Welcome... death!"

#..~~~~~~~~~~ ###≈~~~≈≈~~
#~..~~≈~~~~≈ ##~~~≈~~P~~~
.#..~.~~~~~~###~~P~~~~~~~~
....~....~~≈~~#~~≈~~~~~~..
...~.P....~.~P~~~~.....~~.
...............~....~...##
..........~......~...~###.
..........................
.........@3Y..............
...^......Y..........÷....
"....................÷÷...
....................÷÷....
..........................
..........................
...........P..............
##..#...#.P..P##P#...#...#
#.####.##################


You could see 2 death yaks and a friendly smoke demon (summoned).

Vanquished Creatures
  Nessos (Lair:4)
  3 hydras
  2 two-headed ogres (D:9)
  4 death yaks
  A skyshark (Lair:4)
  Pikel (D:4)
  5 cyclopes (D:11)
  5 elephants
  11 cane toads
  3 black mambas
  A gargoyle (D:8)
  2 rime drakes (Lair:3)
  A yaktaur (D:11)
  3 kobold demonologists
  2 komodo dragons
  3 polar bears
  3 trolls
  2 tyrant leeches (Lair:5)
  3 hornets
  28 blink frogs
  A vampire (D:10)
  A shadow (D:10)
  5 wraiths
  4 wyverns
  5 basilisks
  21 yaks
  3 steam dragons
  8 vampire mosquitoes
  A naga (Lair:2)
  Duvessa (D:6)
  2 acid dragons (D:11)
  12 water moccasins
  2 black bears
  7 orc warriors
  8 ice beasts
  2 sky beasts
  An ogre (D:6)
  11 centaurs
  10 wolves
  5 gnoll sergeants (Bailey)
  8 bullfrogs
  3 scorpions
  6 wights
  Dowan (D:6)
  5 killer bees
  8 electric eels
  A howler monkey (D:11)
  6 hounds
  7 orc priests
  4 gnoll boudas (Bailey)
  A jelly (D:7)
  Ijyb (D:5)
  An iguana (D:6)
  17 orc wizards
  3 centaur simulacra
  19 gnolls
  11 adders
  4 white imps (D:10)
  A howler monkey simulacrum (D:10)
  7 ufetubi
  2 dart slugs
  3 ribbon worms
  36 orcs
  3 endoplasms
  A giant cockroach (D:1)
  7 goblins
  6 hobgoblins
  6 jackals
  12 kobolds
  A quokka (D:3)
  10 ball pythons
  7 bats
  7 frilled lizards
  5 rats
414 creatures vanquished.

Vanquished Creatures (collateral kills)
  A hydra (Lair:1)
  A boulder beetle (Lair:5)
  A death yak (Lair:5)
  A fire crab (D:9)
  2 skysharks
  A goliath frog (Lair:5)
  2 elephants (Lair:4)
  8 cane toads
  6 komodo dragons
  3 rime drakes
  2 hornets
  A tyrant leech (Lair:5)
  5 blink frogs
  A dream sheep (Lair:1)
  Sigmund (D:4)
  A centaur simulacrum (D:10)
  A wyvern (Lair:5)
  7 yaks
  A basilisk (Lair:5)
  Grum (Bailey)
  4 vampire mosquitoes
  2 nagas (Lair:2)
  A black bear (Lair:1)
  8 wolves
  A phantom (D:5)
  2 lemures
  3 bullfrogs
  2 gnoll sergeants (Bailey)
  2 wights (D:8)
  An electric eel (D:11)
  4 gnoll boudas (Bailey)
  An orc wizard (D:4)
  3 gnolls (Bailey)
  An orc (D:8)
  A frilled lizard (D:1)
  A rat (D:1)
84 creatures vanquished.

Vanquished Creatures (others)
  A skyshark zombie (Lair:4)
  5 cane toad zombies
  2 elephant zombies (Lair:4)
  2 komodo dragon zombies (Lair:1)
  A fire crab zombie (D:9)
  A polar bear zombie (Lair:4)
  3 wolf zombies (Bailey)
  3 bullfrog zombies
  A naga zombie (Lair:2)
  2 hound zombies (Bailey)
  3 gnoll zombies (Bailey)
24 creatures vanquished.

Grand Total: 522 creatures vanquished

Notes
Turn   | Place    | Note
-------+----------+-------------------------------------------
     0 | D:1      | PaiMei the Demonspawn Necromancer began the quest for the
                  | Orb.
     0 | D:1      | Reached XP level 1. HP: 13/13 MP: 3/3
   450 | D:1      | Gained mutation: You have large cloven feet. [demonic
                  | ancestry]
   450 | D:1      | Reached XP level 2. HP: 19/19 MP: 1/5
  1297 | D:2      | Reached XP level 3. HP: 25/25 MP: 3/6
  1301 | D:2      | Learned a level 3 spell: Vampiric Draining
  1636 | D:2      | Reached skill level 1 in Fighting
  1866 | D:2      | HP: 1/26 [gnoll/+0 halberd (7)]
  1869 | D:2      | Gained mutation: A weak demonic guardian rushes to your
                  | aid. [demonic ancestry]
  1869 | D:2      | Reached XP level 4. HP: 3/32 MP: 0/7
  2640 | D:3      | Reached skill level 5 in Necromancy
  3885 | D:3      | Learned a level 4 spell: Animate Dead
  3886 | D:4      | Noticed Sigmund
  4447 | D:4      | Gained mutation: A demonic guardian rushes to your aid.
                  | [demonic ancestry]
  4447 | D:4      | Reached XP level 5. HP: 16/38 MP: 4/9
  5227 | D:4      | Killed Sigmund
  5228 | D:4      | Gained mutation: A powerful demonic guardian rushes to your
                  | aid. [demonic ancestry]
  5228 | D:4      | Reached XP level 6. HP: 36/46 MP: 0/11
  5769 | D:4      | Reached skill level 6 in Necromancy
  5769 | D:4      | Gained mutation: You are partially covered in razor-sharp
                  | scales. (AC +1, Slay +1) [demonic ancestry]
  5769 | D:4      | Reached XP level 7. HP: 41/52 MP: 3/12
  5957 | D:4      | Noticed Pikel
  6404 | D:4      | Killed Pikel
  6405 | D:4      | Gained mutation: You are partially covered in sharp spines.
                  | [demonic ancestry]
  6405 | D:4      | Reached XP level 8. HP: 52/60 MP: 0/14
  6649 | D:5      | Entered Level 5 of the Dungeon
  7171 | D:5      | Noticed Ijyb
  7195 | D:5      | Killed Ijyb
  7488 | D:5      | Reached skill level 7 in Necromancy
  7490 | D:5      | Found an ornate altar of the Wu Jian Council.
  7996 | D:5      | Reached skill level 5 in Spellcasting
  8143 | D:5      | Reached skill level 5 in Dodging
  8321 | D:5      | Reached skill level 5 in Fighting
  9233 | D:6      | Found a staircase to the Ecumenical Temple.
  9480 | D:6      | Gained mutation: You have hoof-like feet. [demonic
                  | ancestry]
  9480 | D:6      | Reached XP level 9. HP: 68/68 MP: 9/17
  9568 | Temple   | Entered the Ecumenical Temple
  9579 | Temple   | Became a worshipper of Kikubaaqudgha
  9913 | D:6      | Noticed Duvessa
  9913 | D:6      | Noticed Dowan
  9924 | D:6      | Killed Duvessa
  9928 | D:6      | Killed Dowan
 10302 | D:6      | Found a bloodstained altar of Trog.
 10303 | D:6      | Found an opulent altar of Gozag.
 10401 | D:7      | Reached skill level 8 in Necromancy
 11160 | D:7      | Reached * piety under Kikubaaqudgha
 11160 | D:7      | Received a gift from Kikubaaqudgha
 11656 | D:7      | Learned a level 5 spell: Curse of Agony
 12166 | D:8      | Found a flagged portal.
 12222 | Bailey   | Entered a bailey
 12499 | Bailey   | Reached skill level 9 in Necromancy
 12933 | Bailey   | Gained mutation: You have hooves in place of feet. [demonic
                  | ancestry]
 12933 | Bailey   | Reached XP level 10. HP: 63/79 MP: 4/20
 12934 | Bailey   | Noticed Grum
 12955 | Bailey   | Killed Grum
 13429 | Bailey   | Reached ** piety under Kikubaaqudgha
 13807 | Bailey   | Got the Parchment of Convocation
 14274 | D:8      | Noticed a gargoyle
 14375 | D:9      | Found a staircase to the Lair.
 14375 | D:9      | Noticed a fire crab
 14421 | D:9      | Killed a fire crab
 14557 | D:9      | Noticed a two-headed ogre
 14568 | D:9      | Killed a two-headed ogre
 14572 | D:9      | Reached skill level 10 in Necromancy
 14853 | D:9      | You fall into a shaft and drop 2 floors!
 15347 | D:11     | Noticed a cyclops
 15762 | D:11     | Noticed a cyclops
 15791 | D:11     | Killed a cyclops
 16332 | D:11     | Gained mutation: You are mostly covered in razor-sharp
                  | scales. (AC +2, Slay +2) [demonic ancestry]
 16332 | D:11     | Reached XP level 11. HP: 47/87 MP: 15/23
 16665 | D:10     | Entered Level 10 of the Dungeon
 18434 | D:9      | Noticed a two-headed ogre
 18442 | D:9      | Killed a two-headed ogre
 19653 | D:8      | Reached skill level 11 in Necromancy
 20262 | D:10     | Found a snail-covered altar of Cheibriados.
 20503 | D:10     | Reached *** piety under Kikubaaqudgha
 20503 | D:10     | Received a gift from Kikubaaqudgha
 21295 | D:10     | Found Ejiby's Distillery.
 21322 | D:10     | Found Opnia's Book Boutique.
 21330 | D:10     | Bought a book of Unlife for 540 gold pieces
 21779 | D:10     | Found Wysotz's Weapon Emporium.
 22073 | D:10     | Found an iron altar of Okawaru.
 22120 | D:10     | Found a burning altar of Makhleb.
 22120 | D:10     | Noticed a green death
 23011 | D:11     | Reached XP level 12. HP: 76/97 MP: 25/25
 23193 | D:11     | Reached skill level 10 in Fighting
 23422 | D:10     | Reached **** piety under Kikubaaqudgha
 24038 | D:11     | Reached skill level 12 in Necromancy
 24412 | D:11     | Found a staircase to the Orcish Mines.
 25281 | D:6      | Found a runed translucent door.
 25651 | D:6      | Noticed monsoonserge's ghost (novice OpSh)
 26106 | Lair:1   | Entered Level 1 of the Lair of Beasts
 26274 | Lair:1   | Reached skill level 10 in Spellcasting
 26499 | Lair:1   | Reached skill level 10 in Dodging
 27425 | Lair:1   | Reached skill level 1 in Axes
 27425 | Lair:1   | Reached skill level 1 in Shields
 27610 | Lair:1   | Noticed a death yak
 27621 | Lair:1   | Killed a death yak
 27622 | Lair:1   | Reached XP level 13. HP: 80/106 MP: 17/27
 27635 | Lair:1   | Reached skill level 13 in Necromancy
 28525 | Lair:2   | Found a staircase to the Snake Pit.
 28911 | Lair:2   | Found a staircase to the Swamp.
 31254 | Lair:3   | Identified 3 scrolls of acquirement
 31362 | Lair:4   | Identified the maw talisman of Tetumayvi {rF+ rN+ Str+3}
 31362 | Lair:4   | Noticed Rupert
 31363 | Lair:4   | Noticed Nessos
 31363 | Lair:4   | Paralysed by Rupert for 5 turns
 32158 | Lair:3   | Learned a level 5 spell: Borgnjor's Vile Clutch
 32163 | Lair:3   | Learned a level 4 spell: Anguish
 32168 | Lair:3   | Learned a level 4 spell: Martyr's Knell
 32171 | Lair:3   | Learned a level 2 spell: Sublimation of Blood
 34159 | Lair:4   | Killed Nessos
 34773 | Lair:4   | Paralysed by Rupert for 2 turns
 35108 | Lair:5   | Entered Level 5 of the Lair of Beasts
 35134 | Lair:5   | Reached skill level 14 in Necromancy
 35309 | Lair:5   | Reached ***** piety under Kikubaaqudgha
 35310 | Lair:5   | Reached skill level 5 in Axes
 35315 | Lair:5   | Reached skill level 5 in Shields
 35721 | Lair:5   | Gained mutation: You are mostly covered in sharp spines.
                  | [demonic ancestry]
 35721 | Lair:5   | Reached XP level 14. HP: 105/113 MP: 13/29
 36894 | Lair:5   | Mangled by a death yak

Illustrated notes

Levels and vault maps discovered:
D:1:      matt_arrival_spirals, layout_loops_corners, amcnicky_mini_pool_small,
          chequers_serial_rivers_small_b
D:2:      layout_basic, interstate_on_off, skrybe_limestone_x
D:3:      layout_loops_ring
D:4:      layout_cave_pools, uniq_sigmund, uniq_pikel
D:5:      layout_basic, mainiacjoe_overflow_alcove_1, uniq_ijyb
D:6:      layout_layer_cave, mainiacjoe_overflow_divided_tiny,
          minmay_temple_entry_waves, ebering_ghost_inner_flame, uniq_duvessa
D:7:      layout_rooms, dreamdust_gnoll_farm
D:8:      layout_basic, enter_bailey_3
D:9:      layout_grid_maze, minmay_lair_entry_lava, st_stairs_3
D:10:     layout_loops_ring, mainiacjoe_overflow_tiny_flanked, kennysheep_mini,
          makhleb_altar_promises_db, serial_ice, serial_ice_b, serial_ice_h,
          serial_ice_e, serial_ice_a, serial_ice_j, serial_ice_d, serial_ice_n,
          serial_ice_c, serial_ice_g, serial_ice_f, serial_shops,
          nicolae_shop_scrapyard, nicolae_take_the_stairs,
          nicolae_shop_waterfront, introduction_to_nature_1
D:11:     minmay_ornate_pinched, layout_basic, serial_rivers,
          chequers_serial_rivers_large_a, chequers_serial_rivers_micro_b,
          chequers_serial_rivers_large_b, chequers_serial_rivers_micro_d,
          grunt_tough_drop
Temple:   lightli_temple_of_artemis
Lair:1:   layout_gridlike, minmay_shattered_shrine, serial_bayou_shore_b,
          grunt_megastairs_3, serial_bayou_shore_b
Lair:2:   layout_big_grid, minmay_swamp_entry_swarm,
          guppyfry_snake_entry_garden, serial_bayou, serial_bayou_lake_a,
          serial_bayou_pond_d, serial_bayou_pond_e, serial_bayou_pond_a,
          serial_bayou_lagoon_a, serial_bayou_pond_a,
          chequers_serial_rivers_small_a
Lair:3:   layout_regular_city, st_stairs_10, serial_bayou_shore_b
Lair:4:   dreamdust_labyrinth, layout_long_grid, dpeg_slime_entry_corner,
          uniq_kirke, uniq_rupert, uniq_nessos
Lair:5:   minmay_lair_end_frog_pond, layout_regular_city, st_stairs_7,
          serial_bayou_shore_a

Skill      XL: |  1  2  3  4  5  6  7  8  9 10 11 12 13 14 |
---------------+-------------------------------------------+-----
Stealth        | 2 |  2.0
Dodging        | 2 3 4 5 6 8 9 10 | 10.3
Fighting       | 1 2 3 4 5 7 8 9 11 | 11.0
Necromancy     | 5 6 7 9 10 11 12 14 | 14.6
Spellcasting   | 3 4 5 6 8 9 10 11 12 | 12.1
Axes           | 1 5 6 |  6.2
Shields        | 1 5 6 |  6.1

Action                     |  1- 3 |  4- 6 |  7- 9 | 10-12 | 13-15 || total
---------------------------+-------+-------+-------+-------+-------++-------
  Melee: Whip              |     5 |    29 |    67 |       |       ||   101
         Unarmed           |       |       |    20 |       |       ||    20
         War axe           |       |       |    15 |   335 |   161 ||   511
         Kick              |       |       |       |   162 |    78 ||   240
   Cast: Necrotise         |    63 |    97 |    85 |   123 |    48 ||   416
         Vampiric Draining |       |    10 |    95 |   164 |   103 ||   372
         Animate Dead      |       |       |     1 |     5 |     8 ||    14
         Curse of Agony    |       |       |       |    14 |    26 ||    40
    Use: Scroll            |       |       |       |     5 |     5 ||    10
         Potion            |       |       |       |     1 |     2 ||     3
   Stab: Sleeping          |       |     1 |       |     1 |       ||     2
         Distracted        |       |       |       |       |     4 ||     4
 Armour: Robe              |    12 |    41 |    62 |       |       ||   115
         Skin              |       |       |     7 |       |       ||     7
         Leather armour    |       |       |    62 |   452 |   296 ||   810
  Dodge: Dodged            |    10 |    49 |   155 |   552 |   424 ||  1190
         Repelled          |       |       |       |     5 |     8 ||    13
  Block: Buckler           |     1 |    14 |    30 |   147 |   105 ||   297
